 Dungeon Crawl Stone Soup version 0.15-a0-1995-g7e6aeab (webtiles) character file.

2556 Quh the Summoner (level 9, -1/48 HPs)
             Began as a Deep Elf Summoner on July 11, 2014.
             Was a Priest of Sif Muna.
             Killed from afar by an electric eel (13 damage)
             ... with a bolt of electricity
             ... on Level 1 of the Lair of Beasts.
             The game lasted 00:54:09 (11074 turns).

Quh the Summoner (Deep Elf Summoner)               Turns: 11074, Time: 00:54:09

HP  -1/48        AC  8     Str  5      XL: 9   Next: 31%
MP  27/30        EV 13     Int 24      God: Sif Muna [***...]
Gold 402         SH  0     Dex 18      Spells:  6 memorised,  7 levels left

rFire  . . .     SeeInvis .     G - +3 long sword of Finwagun {drain, rC+}
rCold  + . .     Clarity  .     u - +1 robe {MR+}
rNeg   . . .     rCorr    +     (no shield)
rPois  .         rRot     .     (no helmet)
rElec  .         Spirit   .     (no cloak)
SustAb .         Warding  .     y - +2 pair of gloves {Dex+3}
rMut   .         Stasis   .     f - +1 pair of boots
Gourm  .                        p - amulet of resist corrosion
MR     +....                    (no ring)
                                (no ring)

@: somewhat resistant to hostile enchantments, fairly stealthy
A: no striking features
a: Channel Energy, Forget Spell, Renounce Religion


You were on level 1 of the Lair of Beasts.
You worshipped Sif Muna.
Sif Muna was most pleased with you.
You were not hungry.

You visited 3 branches of the dungeon, and saw 11 of its levels.

You collected 402 gold pieces.

Inventory:

Hand weapons
 v - a +1 vampiric short sword
 x - a +1 dagger of holy wrath
 A - a +2 spear of venom
 G - the +3 long sword of Finwagun (weapon) {drain, rC+}
   (You found it on level 7 of the Dungeon)

   A truly terrible weapon, it drains the life of those it strikes.
   It protects you from cold.
Missiles
 l - 63 stones (quivered)
Armour
 f - a +1 pair of boots (worn)
 g - a +1 robe
 u - a +1 robe of magic resistance (worn)
 y - a +2 pair of gloves of dexterity (worn)
 z - a +0 robe of positive energy
 M - the +0 ring mail of Broken Taboos {rF+ MR+}
   (You found it on level 1 of the Lair of Beasts)

   It protects you from fire.
   It affects your resistance to hostile enchantments.
Magical devices
 i - a wand of digging (9) {unknown}
 s - a wand of paralysis (6) {unknown}
Comestibles
 c - 11 bread rations
 D - a meat ration
 F - 8 fruits
 N - a chunk of porcupine flesh
Scrolls
 a - a scroll of random uselessness
 d - 4 scrolls of teleportation
 e - a scroll of blinking
 h - a scroll of remove curse
 k - 7 scrolls of identify
 m - 2 scrolls of amnesia
 q - 5 scrolls of enchant armour
 B - a scroll of enchant weapon
 I - 2 scrolls of noise {unknown}
 J - a scroll of fog
Jewellery
 o - a cursed -4 ring of evasion {unknown}
 p - an amulet of resist corrosion (around neck)
Potions
 j - a potion of haste
 n - a potion of might
 t - 3 potions of agility
 w - a potion of restore abilities
 C - 2 potions of magic
 E - 2 potions of berserk rage
 H - 3 potions of curing
 K - a potion of heal wounds {unknown}
 L - 2 potions of lignification {unknown}
 O - a potion of brilliance {unknown}
Books
 b - a book of Callings

   Spells                             Type                      Level
   Summon Small Mammal                Summoning                    1
   *Call Imp                          Summoning                    2
   *Call Canine Familiar              Summoning                    3
   Summon Guardian Golem              Hexes/Summoning              4
   *Summon Lightning Spire            Summoning/Air                4
   *Summon Ice Beast                  Ice/Summoning                4
 r - Sif Muna's Compendium of the Escort
   (You found it on level 6 of the Dungeon)

   Spells                             Type                      Level
   *Recall                            Summoning/Translocation      3
   Summon Mana Viper                  Hexes/Summoning              5
   *Shadow Creatures                  Summoning                    5


   Skills:
 * Level 1.7 Fighting
 - Level 2.4 Dodging
 * Level 5.2 Stealth
 * Level 10.2 Spellcasting
 + Level 10.3 Summonings
 * Level 2.2 Translocations
 - Level 1.8 Invocations


You had 7 spell levels left.
You knew the following spells:

 Your Spells              Type           Power        Failure   Level  Hunger
a - Shadow Creatures      Summ           N/A          2%          5    ###....
b - Call Imp              Summ           ######..     1%          2    None
c - Call Canine Familiar  Summ           ######..     1%          3    None
d - Summon Lightning Spi  Summ/Air       #####...     8%          4    #......
e - Summon Ice Beast      Ice/Summ       #####...     8%          4    #......
f - Recall                Summ/Tloc      N/A          1%          3    None


Dungeon Overview and Level Annotations

Branches:
Dungeon (9/15)             Temple (1/1) D:4             Orc (0/4) D:9
   Lair (1/8) D:9

Altars:
Ashenzari
Cheibriados
Dithmenos
Elyvilon
Fedhas
Gozag
Kikubaaqudgha
Makhleb
Nemelex Xobeh
Okawaru
Qazlal
Sif Muna
Trog
Vehumet
Xom
Yredelemnul
Zin
The Shining One

Shops:
D:9 ((


Message History

The bolt of electricity hits you! What do you say? t - Shout!
Orders for allies: a - Attack new target. p - Attack previous target. r - Retreat! s - Stop attacking. w - Wait here. f - Follow me.
Anything else - Stay silent.
Gang up on whom?
Press: ? - help, Dir - move target cursor, f/p - electric eel
Aim: an electric eel Attack!
The electric eel shoots out a bolt of electricity!
The bolt of electricity hits your wolf. The bolt of electricity hits you!
The electric eel shoots out a bolt of electricity!
The bolt of electricity hits you!
* * * LOW HITPOINT WARNING * * *
Your wolf completely misses the electric eel.
The electric eel shoots out a bolt of electricity!
The bolt of electricity hits you!
You die...

........##.####.#
##.........# #.#
##..##..#### #.#
....###.# #.##
....# #.# #..#
....###.# ##.#
##...##.# #.#
.#......# #.##
........# #@.#
#.......# ##..##
####.#.##
##....## ###...##
#......#
##.....##
#......#
#.......#
#.h.....#
........#
#....Y...#
........#
#....D.;≈#
........#
#.....≈≈≈#


You could see a fire dragon, an electric eel, a friendly ice beast and a
friendly wolf.

Vanquished Creatures
  A hippogriff (Lair:1)
  A crimson imp (D:6)
  2 hounds
  An adder (D:3)
  A gnoll (D:9)
  A giant gecko (D:2)
  5 bats
  2 quokkas
  A kobold (D:5)
  A rat (D:7)
  A fungus (Lair:1)
  A plant (D:6)
18 creatures vanquished.

Vanquished Creatures (collateral kills)
  The ghost of omil the Sneak, an experienced OpTm of Dithmenos (D:7)
  A spriggan (D:8)
  A basilisk (Lair:1)
  3 yaks (D:9)
  A steam dragon (D:8)
  2 water moccasins (Lair:1)
  6 orc warriors
  A porcupine (Lair:1)
  2 black bears
  2 phantoms
  3 ogres
  3 centaurs (D:7)
  A gnoll sergeant (D:9)
  2 giant frogs
  4 scorpions
  4 killer bees (D:9)
  A giant frog zombie (D:6)
  A centaur zombie (D:5)
  A giant frog skeleton (D:5)
  6 goliath beetles
  2 jellies
  An orc priest (D:7)
  A quasit (D:9)
  2 crimson imps
  4 hounds
  6 orc wizards
  A worker ant (D:7)
  5 green rats (Lair:1)
  7 adders
  8 gnolls
  3 shadow imps
  A giant mite (D:4)
  A worm (D:5)
  2 adder zombies
  An iguana skeleton (D:5)
  5 giant geckos
  An ooze (D:7)
  22 orcs
  2 ball pythons
  11 bats
  2 giant cockroaches
  13 hobgoblins
  2 jackals (D:7)
  6 quokkas
  5 giant newts
  9 goblins
  A goblin skeleton (D:5)
  A hobgoblin zombie (D:8)
  27 kobolds
  2 kobold zombies
  8 rats
  A rat skeleton (D:4)
  3 butterflies (D:4)
212 creatures vanquished.

Vanquished Creatures (others)
  6 wolves
  A warg (Lair:1)
  A porcupine (Lair:1)
  9 ice beasts
  A giant frog (D:8)
  A big kobold (D:6)
  5 crimson imps
  8 hounds
  3 lightning spires
  A shadow imp (D:4)
  4 white imps
  2 bats (D:1)
  A kobold (D:9)
  2 quokkas
  2 rats
47 creatures vanquished.

Grand Total: 277 creatures vanquished

Notes
Turn   | Place    | Note
--------------------------------------------------------------
     0 | D:1      | Quh, the Deep Elf Summoner, began the quest for the Orb.
     0 | D:1      | Reached XP level 1. HP: 10/10 MP: 5/5
   693 | D:1      | Reached XP level 2. HP: 3/15 MP: 3/8
   734 | D:1      | Learned a level 2 spell: Call Imp
  1317 | D:2      | Found a deep blue altar of Sif Muna.
  1325 | D:2      | Became a worshipper of Sif Muna the Loreminder
  2149 | D:3      | Reached XP level 3. HP: 19/19 MP: 11/11
  2381 | D:3      | Learned a level 3 spell: Call Canine Familiar
  2525 | D:3      | Reached skill level 5 in Summonings
  2847 | D:4      | Found a staircase to the Ecumenical Temple.
  2856 | Temple   | Entered the Ecumenical Temple
  3292 | D:4      | Noticed a scorpion
  3301 | D:4      | Killed a scorpion
  3301 | D:4      | Reached skill level 1 in Invocations
  3301 | D:4      | Reached XP level 4. HP: 24/24 MP: 14/14
  3565 | D:4      | Noticed an ogre
  3578 | D:4      | Killed an ogre
  3589 | D:4      | Noticed a phantom
  3629 | D:4      | Killed a phantom
  3629 | D:4      | Reached XP level 5. HP: 3/28 MP: 5/18
  3942 | D:4      | Found a snail-covered altar of Cheibriados.
  4147 | D:4      | Reached skill level 5 in Spellcasting
  4170 | D:4      | Learned a level 4 spell: Summon Lightning Spire
  4175 | D:4      | Learned a level 4 spell: Summon Ice Beast
  4189 | D:4      | Reached skill level 6 in Summonings
  4293 | D:5      | Entered Level 5 of the Dungeon
  4304 | D:5      | Acquired Sif Muna's first power
  4561 | D:5      | Found a shadowy altar of Dithmenos.
  4580 | D:5      | Found a shattered altar of Ashenzari.
  4596 | D:5      | Reached XP level 6. HP: 32/32 MP: 18/21
  4710 | D:5      | Found a burning altar of Makhleb.
  5071 | D:5      | Found a stormy altar of Qazlal.
  5122 | D:6      | Reached skill level 7 in Summonings
  5869 | D:6      | Identified Sif Muna's Compendium of the Escort
  6529 | D:7      | Noticed omil's ghost (experienced OpTm)
  6540 | D:7      | Killed omil's ghost
  6540 | D:7      | Reached skill level 8 in Summonings
  6540 | D:7      | Reached XP level 7. HP: 36/36 MP: 11/22
  6613 | D:7      | Acquired Sif Muna's second power
  6997 | D:7      | Reached skill level 9 in Summonings
  7469 | D:7      | Learned a level 3 spell: Recall
  7607 | D:7      | Reached XP level 8. HP: 41/41 MP: 22/25
  7624 | D:7      | Got a jewelled long sword
  7627 | D:7      | Identified the +3 long sword of Finwagun {drain, rC+} (You found it on level 7 of the Dungeon)
  7802 | D:7      | Found an opulent altar of Gozag.
  8125 | D:8      | Gained mutation: Your vision is a little blurry. [potion of mutation]
  8125 | D:8      | Gained mutation: Your body is slowly deteriorating. [potion of mutation]
  8125 | D:8      | Lost mutation: Your body is slowly deteriorating. [potion of mutation]
  8276 | D:8      | Lost mutation: Your vision is a little blurry. [potion of cure mutation]
  8849 | D:8      | Learned a level 5 spell: Shadow Creatures
  9491 | D:9      | Reached skill level 10 in Summonings
  9801 | D:9      | Found a staircase to the Orcish Mines.
  9802 | D:9      | Found Umil's Weapon Boutique.
 10175 | D:9      | Reached XP level 9. HP: 34/45 MP: 18/30
 10184 | D:9      | Reached skill level 1 in Translocations
 10187 | D:9      | Found Stoamy's Antique Weapon Emporium.
 10196 | D:9      | Found a staircase to the Lair.
 10313 | D:9      | Reached skill level 10 in Spellcasting
 10324 | D:9      | Reached skill level 1 in Fighting
 10697 | Lair:1   | Entered Level 1 of the Lair of Beasts
 10840 | Lair:1   | Got a brightly glowing ring mail
 10849 | Lair:1   | Identified the cursed +0 ring mail of Broken Taboos {rF+ MR+} (You found it on level 1 of the Lair of Beasts)
 10873 | Lair:1   | Reached skill level 5 in Stealth
 11070 | Lair:1   | Noticed a fire dragon
 11074 | Lair:1   | Killed from afar by an electric eel

Action                   |  1- 3 |  4- 6 |  7- 9 || total
-------------------------+-------+-------+-------++-------
Melee: Short sword       |     3 |       |       ||     3
       Dagger            |     9 |       |       ||     9
       Spear             |     4 |    76 |     3 ||    83
       Long sword        |       |       |    24 ||    24
Throw: Stone             |     7 |       |       ||     7
 Cast: Summon Small Mamm |    22 |       |     2 ||    24
       Call Imp          |    23 |    22 |     4 ||    49
       Call Canine Famil |     9 |    29 |    17 ||    55
       Summon Lightning  |       |     4 |    23 ||    27
       Summon Ice Beast  |       |     2 |    33 ||    35
       Shadow Creatures  |       |       |    11 ||    11
Invok: Forget Spell      |       |       |     1 ||     1
  Use: Scroll            |    11 |     6 |     8 ||    25
       Potion            |       |       |     2 ||     2
 Stab: Sleeping          |       |     1 |       ||     1
  Eat: Chunk             |     6 |     8 |    17 ||    31
       Meat ration       |     1 |       |       ||     1
       Pizza             |       |     1 |     1 ||     2
       Beef jerky        |       |       |     1 ||     1
